 Dungeon Crawl Stone Soup version 0.27-a0-343-gfcad680f63 (webtiles) character file.

Game seed: 11565162773093237283

2632 wampuh the Protected (level 9, -6/84 HPs)
             Began as a Minotaur Fighter on Feb 15, 2021.
             Was a Follower of Qazlal.
             Mangled by an iguana (10 damage)
             ... on level 7 of the Dungeon.
             The game lasted 00:05:47 (5581 turns).

wampuh the Protected (Minotaur Fighter)             Turns: 5581, Time: 00:05:48

Health: -6/84      AC: 12    Str: 25    XL:     9   Next: 35%
Magic:  8/8        EV:  9    Int:  5    God:    Qazlal [*.....]
Gold:   149        SH: 13    Dex:  9    Spells: 8/8 levels left

rFire    + . .     SeeInvis +   a - +0 war axe
rCold    . . .     Faith    .   c - +0 kite shield
rNeg     . . .     Spirit   .   b - +0 scale mail
rPois    +         Reflect  .   (helmet restricted)
rElec    .         Harm     .   u - +1 cloak {rPois}
rCorr    .         Rampage  .   (no gloves)
Will     .....                  g - +0 pair of boots
Stlth    ..........             (no amulet)
HPRegen  0.24/turn              r - ring of protection from fire
MPRegen  0.11/turn              s - ring of see invisible

@: mighty
A: retaliatory headbutt, horns 2
a: Renounce Religion


You were on level 7 of the Dungeon.
You worshipped Qazlal.
Qazlal was aware of your devotion.
You visited 2 branches of the dungeon, and saw 8 of its levels.

You collected 293 gold pieces.
You spent 144 gold pieces at shops.

Inventory:

Hand Weapons
 a - a +0 war axe (weapon)
Missiles
 o - 8 silver javelins (quivered)
Armour
 b - a +0 scale mail (worn)
 c - a +0 kite shield (worn)
 g - a +0 pair of boots (worn)
 u - a +1 cloak of poison resistance (worn)
Jewellery
 r - a ring of protection from fire (left hand)
 s - a ring of see invisible (right hand)
 y - a ring of protection from cold
Wands
 t - a wand of flame (11)
Scrolls
 e - 2 scrolls of enchant armour {unknown}
 f - 10 scrolls of identify {unknown}
 j - 2 scrolls of amnesia {unknown}
 k - 6 scrolls of teleportation {unknown}
 l - 2 scrolls of magic mapping {unknown}
 q - 3 scrolls of enchant weapon {unknown}
 w - 2 scrolls of noise {unknown}
 x - a scroll of fog {unknown}
 C - a scroll of torment {unknown}
 D - a scroll of fear {unknown}
Potions
 d - a potion of might
 h - a potion of ambrosia {unknown}
 i - 2 potions of attraction {unknown}
 m - a potion of berserk rage {unknown}
 n - 4 potions of curing
 p - a potion of resistance {unknown}
 z - a potion of flight {unknown}
 A - a potion of lignification
 B - a potion of brilliance


   Skills:
 + Level 9.5 Fighting
 - Level 2.4 Axes
 + Level 9.6 Armour
 + Level 9.5 Shields


You had 8 spell levels left.
You didn't know any spells.
Your spell library contained the following spells:

 Spells                   Type           Power        Failure   Level
 Animate Skeleton         Necr           0%           91%         1
 Apportation              Tloc           0%           91%         1
 Corona                   Hex            0%           91%         1
 Shock                    Conj/Air       0%           91%         1
 Summon Small Mammal      Summ           0%           91%         1
 Dazzling Flash           Conj/Hex       0%           100%        3
 Stone Arrow              Conj/Erth      0%           100%        3
 Death Channel            Necr           0%           100%        6


Dungeon Overview and Level Annotations

Branches:
Dungeon (7/15)             Temple (1/1) D:6

Altars:
Ashenzari
Cheibriados
Dithmenos
Elyvilon
Fedhas
Gozag
Hepliaklqana
Kikubaaqudgha
Makhleb
Nemelex Xobeh
Okawaru
Qazlal
Sif Muna
Trog
Uskayaw
Vehumet
Wu Jian
Xom
Yredelemnul
Zin
The Shining One

Shops:
D:5 (!*

Annotations:
D:4 2 runed translucent doors


Innate Abilities, Weirdness & Mutations

You reflexively headbutt those who attack you in melee.
You have a pair of horns on your head.


Message History

You kill the jelly!
Qazlal accepts your kill.
You are now surrounded by a storm.
You hit the yak but do no damage. You hit the yak.
You kill the yak!
Qazlal accepts your kill.
You hit the yak. The yak gores you!
* * * LOW HITPOINT WARNING * * *
You block the yak's attack. The orc closely misses you. The yak gores you.
* * * LOW HITPOINT WARNING * * *
You closely miss the yak. You headbutt the yak!
The yak is moderately wounded.
You hit the yak. You slash the orc!
You kill the orc!
Qazlal accepts your kill. You block the yak's attack. The yak gores you.
* * * LOW HITPOINT WARNING * * *
You block the yak's attack. The jelly hits you but does no damage.
You feel much better. The yak gores you. You block the yak's attack.
The jelly closely misses you. You furiously retaliate!
You headbutt the jelly!!
You kill the jelly!
Qazlal accepts your kill.
You slice the yak!! You headbutt the yak.
The yak is almost dead.
You barely miss the yak. You block the yak's attack. The yak gores you!
* * * LOW HITPOINT WARNING * * *
The yak gores you!
* * * LOW HITPOINT WARNING * * *
Unknown command.
You slash the yak!
You kill the yak!
Qazlal accepts your kill.
You barely miss the iguana. You slash the yak! The yak barely misses you.
You block the iguana's attack. The yak closely misses you.
The iguana closely misses you.
You barely miss the yak. Your headbutt misses the yak.
The yak is severely wounded.
You hit the adder zombie. You slash the iguana!
You block the adder zombie's attack. The yak gores you but does no damage.
The iguana bites you!
You die...

#.# ##.## #...#
.. #<..# .
#...####### .#
#.........##.##
####...#####.....
......../..§...#
............@Y.#
.=.........☼Zl)#
#####...#####)[#
#.... ......
#...# ###.#....
#...# .#.....
#... .# .... ..
.# ### ..


You could see a yak, an iguana and an adder zombie.

Vanquished Creatures
  4 yaks (D:7)
  An orc warrior (D:7)
  A black bear (D:7)
  A sky beast (D:5)
  2 ogres
  3 centaurs
  A phantom (D:7)
  4 bullfrogs
  Blork the orc (D:6)
  2 howler monkeys (D:7)
  A bullfrog zombie (D:5)
  A centaur zombie (D:4)
  4 hounds
  Crazy Yiuf (D:3)
  2 orc priests (D:6)
  A centaur skeleton (D:5)
  2 jellies (D:7)
  A bullfrog skeleton (D:4)
  Terence (D:3)
  Natasha (thrice) (D:3)
  2 orc wizards (D:6)
  3 worker ants
  2 hound zombies
  11 adders
  2 ufetubi
  An ooze (D:6)
  An adder skeleton (D:4)
  6 worms
  A dart slug (D:4)
  3 leopard geckos
  16 orcs
  9 giant cockroaches
  7 goblins
  13 hobgoblins
  2 jackals (D:1)
  3 quokkas
  A ball python (D:1)
  9 bats
  5 frilled lizards
  12 kobolds
  A leopard gecko skeleton (D:4)
  A quokka skeleton (D:6)
  A quokka zombie (D:5)
  7 rats
156 creatures vanquished.

Vanquished Creatures (others)
  2 fungi (D:3)
2 creatures vanquished.

Grand Total: 158 creatures vanquished

Notes
Turn   | Place    | Note
-------+----------+-------------------------------------------
     0 | D:1      | wampuh the Minotaur Fighter began the quest for the Orb.
     0 | D:1      | Reached XP level 1. HP: 19/19 MP: 0/0
    39 | D:1      | You fall into a shaft and drop 1 floor!
    46 | D:2      | Reached XP level 2. HP: 21/27 MP: 1/1
   447 | D:2      | Found a broken altar of Ashenzari.
   579 | D:2      | Reached XP level 3. HP: 33/33 MP: 2/2
   838 | D:2      | Noticed a moth of wrath
   840 | D:2      | Found a bloodstained altar of Trog.
  1444 | D:1      | Reached XP level 4. HP: 41/41 MP: 3/3
  2001 | D:3      | Reached skill level 5 in Armour
  2085 | D:3      | Noticed Natasha
  2092 | D:3      | Killed Natasha
  2093 | D:3      | Reached skill level 5 in Fighting
  2093 | D:3      | Reached skill level 5 in Shields
  2093 | D:3      | Reached XP level 5. HP: 48/48 MP: 4/4
  2111 | D:3      | Noticed Natasha
  2124 | D:3      | Killed Natasha
  2169 | D:3      | Noticed Natasha
  2181 | D:3      | Killed Natasha
  2373 | D:3      | Found a runed translucent door.
  2374 | D:3      | Noticed Crazy Yiuf
  2454 | D:3      | Noticed a centaur
  2464 | D:3      | Killed a centaur
  2465 | D:3      | Reached XP level 6. HP: 37/56 MP: 5/5
  2662 | D:3      | Noticed Terence
  2676 | D:3      | Killed Terence
  2775 | D:3      | Found a radiant altar of Vehumet.
  2775 | D:3      | Found a snail-covered altar of Cheibriados.
  2853 | D:3      | Paralysed by Crazy Yiuf for 3 turns
  2860 | D:3      | Killed Crazy Yiuf
  3170 | D:4      | Found a large runed translucent door.
  3176 | D:4      | Found a large runed translucent door.
  3199 | D:4      | Found a large runed translucent door.
  3199 | D:4      | Found a large runed translucent door.
  3478 | D:4      | Reached XP level 7. HP: 64/64 MP: 6/6
  3614 | D:4      | Identified the Disquisition on Conjuration and Evil Magic
  3658 | D:5      | Entered Level 5 of the Dungeon
  3762 | D:5      | Found a bloodstained altar of Trog.
  3850 | D:5      | Found Ruifiute's Distillery.
  3869 | D:5      | Bought a potion of heal wounds for 60 gold pieces
  3869 | D:5      | Bought a potion of lignification for 36 gold pieces
  3869 | D:5      | Bought a potion of brilliance for 48 gold pieces
  3875 | D:5      | Found Seoppirph's Assorted Antiques.
  3896 | D:5      | Found a white marble altar of Elyvilon.
  3942 | D:5      | Found Xotut's Weapon Shop.
  4364 | D:6      | Reached XP level 8. HP: 70/73 MP: 7/7
  4445 | D:6      | Found a staircase to the Ecumenical Temple.
  4466 | Temple   | Entered the Ecumenical Temple
  4627 | Temple   | Became a worshipper of Qazlal Stormbringer
  5327 | D:6      | Noticed Blork the orc
  5335 | D:6      | Killed Blork the orc
  5573 | D:7      | Reached XP level 9. HP: 33/83 MP: 8/8
  5575 | D:7      | Reached * piety under Qazlal
  5575 | D:7      | HP: 3/83 [yak (3)]
  5581 | D:7      | Mangled by an iguana

Illustrated notes

Levels and vault maps discovered:
D:1:      lightli_arrival_windingriver, layout_rooms,
          hangedman_abyss_or_decor_stabs
D:2:      layout_loops_cross, ashenzari_altar_1, tgw_trog
D:3:      layout_rooms, gammafunk_temple_overflow_wave, uniq_natasha,
          uniq_terence, uniq_crazy_yiuf_cottage
D:4:      layout_rooms, minmay_hollow_rounded_squares
D:5:      layout_cave_pools, kennysheep_mini, basic_altar, serial_shops, shop,
          nicolae_shop_overgrown_old_shop, nicolae_shop_waterfront
D:6:      layout_basic, minmay_temple_entry_waves, uniq_blork_the_orc
D:7:      layout_loops_cross, grunt_livestock, lemuel_tele_altar, uniq_joseph
Temple:   eino_temple_rhombus

Skill      XL: |  1  2  3  4  5  6  7  8 |
---------------+-------------------------+-----
Fighting       | 4 5 6 7 9 |  9.5
Armour         | 4 5 6 7 9 |  9.6
Shields        | 4 5 6 7 9 |  9.5
Axes           | |  2.4

Action                   |  1- 3 |  4- 6 |  7- 9 || total
-------------------------+-------+-------+-------++-------
Melee: War axe           |    84 |   164 |   150 ||   398
       Headbutt          |     9 |    19 |    32 ||    60
  Use: Potion            |       |       |     3 ||     3
Armor: Scale mail        |    43 |    80 |   108 ||   231
Dodge: Dodged            |    30 |    42 |   105 ||   177
Block: Kite shield       |    41 |   102 |   140 ||   283

Table legend: (Time is in decaauts)
 A = Elapsed time spent in this place.
 B = Non-inter-level travel time spent in this place.
 C = Inter-level travel time spent in this place.
 D = Time resting spent in this place.
 E = Time spent auto-exploring this place.
 F = Levels seen in this place.
 G = Mean time per level.
                   A        B        C        D        E       F      G
               +--------+--------+--------+--------+--------+-----+--------+
         Total |   5804 |   5590 |    214 |    946 |   3606 |   8 |  725.5 |
       Dungeon |   5523 |   5329 |    194 |    946 |   3352 |   7 |  789.0 |
        Temple |    281 |    262 |     19 |      0 |    254 |   1 |  281.0 |
               +--------+--------+--------+--------+--------+-----+--------+

Top non-repeatable levels by time:
     D:2: 1308 daAuts
     D:3: 1297 daAuts
     D:6: 983 daAuts
     D:4: 662 daAuts
     D:5: 629 daAuts
     D:1: 536 daAuts
  Temple: 281 daAuts
     D:7: 106 daAuts
